 Dungeon Crawl Stone Soup version 0.17-a0-1900-g45e8110 (webtiles) character file.

400016 ololoev the Severer (level 21, -6/211 HPs)
             Began as a Deep Dwarf Gladiator on Sept 24, 2015.
             Was the Champion of Makhleb.
             Killed by a guardian mummy's death curse (32 damage)
             ... on level 1 of the Tomb of the Ancients.
             The game lasted 03:05:17 (18969 turns).

ololoev the Severer (Deep Dwarf Gladiator)         Turns: 18969, Time: 03:05:17

Health: -6/211     AC: 35    Str: 32    XL:     21   Next: 94%
Magic:  12/12      EV: 18    Int: 21    God:    Makhleb [******]
Gold:   940        SH:  0    Dex: 21    Spells: 1 memorised, 19 levels left

rFire  + + .     SeeInvis .     f - +3 battleaxe (chop)
rCold  + + .     Clarity  .     d - +7 gold dragon armour
rNeg   + + .     SustAt   .     (no shield)
rPois  +         Gourm    .     D - +2 hat {rC+}
rElec  +         Spirit   .     g - +1 cloak
rCorr  .         Warding  .     u - +1 pair of gloves "Giuf" {rN+ Int+2}
rMut   .         Stasis   .     m - +2 pair of boots {run}
MR     +++..                    (no amulet)
Stlth  ..........               C - ring of Vanity {rElec Int+10 Dex+7 Stlth-}
                                F - +4 ring of strength

@: corroded equipment, very slightly contaminated, non-regenerating, hasted,
drained, very quick, extremely resistant to hostile enchantments, extremely
unstealthy
A: damage resistance, recharge devices, horns 1, rugged brown scales 2, slimy
green scales 1, breathe flames 1, fire resistance 1, negative energy resistance
1, sense surroundings 3, slow healing 3
a: Device Recharging, Minor Destruction, Lesser Servant of Makhleb, Major
Destruction, Greater Servant of Makhleb, Renounce Religion, Breathe Fire
}: 3/15 runes: decaying, silver, gossamer


Innate Abilities, Weirdness & Mutations

You are resistant to damage.
You can recharge devices by infusing magical energy.
You resist negative energy.
You passively map a large area around you.
You do not heal naturally.
You have a pair of small horns on your head.
You are mostly covered in rugged brown scales (AC +2, +5% HP).
You are partially covered in slimy green scales (AC +2).
You can breathe flames.
Your flesh is heat resistant.

Inventory:

Hand weapons
 a - a +9 battleaxe of protection
 f - a +3 battleaxe of chopping (weapon)
Armour
 d - a +7 gold dragon armour (worn)
 g - a +1 cloak (worn)
 m - a +2 pair of boots of running (worn)
 r - the +2 pair of fencer's gloves {LBl+4 SBl+4 EV+3 Dex+6}
   (You found it on level 3 of the Crypt)

   It affects your evasion (+3).
   It affects your dexterity (+6).
 u - the +1 pair of gloves "Giuf" (worn) {rN+ Int+2}
   (You bought it in a shop on level 4 of the Orcish Mines)

   It affects your intelligence (+2).
   It protects you from negative energy.
 D - a +2 hat of cold resistance (worn)
Rods
 b - a +2 rod of inaccuracy (14/14)
   (You found it on level 6 of the Dungeon)
 y - a +2 lightning rod (14/14)
   (You found it on level 3 of the Crypt)
Jewellery
 s - an uncursed ring of teleportation
 C - the ring of Vanity (right hand) {rElec Int+10 Dex+7 Stlth-}
   (You found it on level 1 of the Elven Halls)

   [ring of loudness]

   It affects your intelligence (+10).
   It affects your dexterity (+7).
   It insulates you from electricity.
   It makes you less stealthy.
 F - a +4 ring of strength (left hand)
Magical devices
 e - a wand of heal wounds (4)
 q - a wand of teleportation (3)
 w - a wand of hasting (4)
 x - a wand of disintegration (6)
 J - a wand of digging (3)
Scrolls
 h - a scroll of fog
 i - 9 scrolls of remove curse
 k - 5 scrolls of fear
 v - 5 scrolls of magic mapping
 z - 3 scrolls of holy word
 E - 2 scrolls of immolation
Potions
 j - 4 potions of agility
 n - 2 potions of cancellation
 o - 17 potions of curing
 p - a potion of invisibility
 t - 6 potions of heal wounds
 K - 2 potions of flight
 U - a potion of cure mutation
 W - 2 potions of might
Miscellaneous
 c - a disc of storms
 l - a lamp of fire
 N - a phial of floods
 T - a fan of gales
 X - a stone of tremors
Comestibles
 H - 3 bread rations
 I - 6 slices of pizza
 L - 16 fruits


   Skills:
 + Level 15.3(15.1) Fighting
 - Level 20.9(20.7) Axes
 - Level 1.7(1.6) Throwing
 + Level 17.5(17.3) Armour
 + Level 15.5(15.3) Dodging
 - Level 9.0(8.8) Translocations
 + Level 19.4(19.2) Invocations
 + Level 17.2(17.0) Evocations


You had 19 spell levels left.
You knew the following spells:

 Your Spells              Type           Power        Failure   Level  Hunger
a - Apportation           Tloc           #####.....   8%          1    ##.....


You were on level 1 of the Tomb of the Ancients.
You worshipped Makhleb.
Makhleb was exalted by your worship.
You were full.

You visited 12 branches of the dungeon, and saw 56 of its levels.
You visited 1 bazaar.
You also visited: Sewer, Ossuary, Bailey, Ice Cave and Volcano.

You collected 3186 gold pieces.
You spent 2202 gold pieces at shops.

......#..#.......#,,**,,,,,,,,,,*
...8..#..#..#...8#,,**,,,,,,,,,,*
......#..#..#....#,,**,,,,,,,,,,*
......#..#..#....#,,**,,,,,,,,,,*
.........#..##''##,,**,,,,,,,,,,*
.........#..#X...#,,**,,,,,,,,,,*
.........#,,#....#,,**,,,,,,,,,,*
.........#,,#....#,,**,,,,,,,,,,*
.........#,,#XXB@#,,**,,,,,,,,,,*
##########**######,,**,,,,,,,,,,*
,,,,,,,,,,,,,,,,,,,,**,,,,,,,,,,*
,,,,,,,,,,,,,,,,,,,,**,,,,,,,,,,*
**********************,,,,,,,,,,*
**********************,,,,,,,,,,*
,,,,,,,,,,,,,,,,,,,,,,,,,,,,,,,,*
,,,,,,,,,,,,,,,,,,,,,,,,,,,,,,,,*
,,,,,,,,,,,,,,,,,,,,,,,,,,,,,,,,*

Notes
Turn   | Place    | Note
--------------------------------------------------------------
     0 | D:1      | ololoev the Deep Dwarf Gladiator began the quest for the Orb.
     0 | D:1      | Reached XP level 1. HP: 19/19 MP: 1/1
    32 | D:1      | Reached XP level 2. HP: 15/26 MP: 2/2
   122 | D:3      | Reached skill level 4 in Axes
   126 | D:3      | Reached XP level 3. HP: 31/33 MP: 3/3
   151 | D:3      | Reached skill level 1 in Armour
   322 | D:3      | Found a glowing golden altar of the Shining One.
   327 | D:3      | Found a basalt altar of Yredelemnul.
   372 | D:4      | Found a sparkling altar of Nemelex Xobeh.
   383 | D:4      | Reached XP level 4. HP: 38/40 MP: 4/4
   416 | D:4      | Reached skill level 5 in Axes
   416 | D:4      | Reached XP level 5. HP: 27/48 MP: 1/5
   437 | D:4      | Found a staircase to the Ecumenical Temple.
   455 | Temple   | Entered the Ecumenical Temple
   500 | Temple   | Became a worshipper of Makhleb the Destroyer
   520 | D:4      | Gained mutation: You are partially covered in rugged brown scales (AC +1, +3% HP). [potion of mutation]
   520 | D:4      | Gained mutation: Scrolls take you a little longer to read. [potion of mutation]
   520 | D:4      | Gained mutation: You have a somewhat thin skeletal structure (Dex +2, Stealth). [potion of mutation]
   521 | D:4      | Lost mutation: You have a somewhat thin skeletal structure (Dex +2, Stealth). [potion of mutation]
   521 | D:4      | Gained mutation: Your muscles are strong. (Str +2) [potion of mutation]
   521 | D:4      | Gained mutation: Your body sometimes deteriorates upon taking damage. [potion of mutation]
   542 | D:4      | Noticed Duvessa
   563 | D:4      | Killed Duvessa
   563 | D:4      | Reached XP level 6. HP: 47/57 MP: 2/6
   565 | D:4      | Noticed Dowan
   575 | D:4      | Killed Dowan
   575 | D:4      | Reached skill level 6 in Axes
   607 | D:5      | Entered Level 5 of the Dungeon
   750 | D:5      | Reached XP level 7. HP: 30/64 MP: 2/6
   791 | D:5      | Found a sand-covered staircase.
   796 | Ossuary  | Entered an ossuary
   809 | Ossuary  | Acquired Makhleb's first power
   886 | Ossuary  | Reached skill level 7 in Axes
   919 | Ossuary  | Reached skill level 1 in Invocations
   972 | Ossuary  | Acquired Makhleb's second power
  1066 | D:5      | Found a glowing drain.
  1094 | Sewer    | Entered a sewer
  1161 | Sewer    | Reached XP level 8. HP: 60/75 MP: 0/6
  1175 | Sewer    | Found a white marble altar of Elyvilon.
  1408 | D:6      | Reached skill level 8 in Axes
  1435 | D:6      | Identified a -2 rod of inaccuracy (12/12) (You found it on level 6 of the Dungeon)
  1504 | D:6      | Reached skill level 1 in Evocations
  1554 | D:6      | Found a shimmering altar of Xom.
  1673 | D:7      | Reached skill level 5 in Fighting
  1673 | D:7      | Reached skill level 5 in Armour
  1714 | D:7      | Lost mutation: Your muscles are strong. (Str +2) [potion of mutation]
  1714 | D:7      | Gained mutation: You tend to lose your temper in combat. [potion of mutation]
  1824 | D:8      | Reached skill level 9 in Axes
  1826 | D:8      | Acquired Makhleb's third power
  1835 | D:8      | Gained mutation: You passively map the area around you. [Deep Dwarf growth]
  1835 | D:8      | Reached XP level 9. HP: 38/83 MP: 3/9
  1927 | D:7      | Found Resutov's Antique Weapon Emporium.
  1970 | D:8      | Noticed ololoev's ghost (experienced DDFi)
  2034 | D:8      | Killed ololoev's ghost
  2034 | D:8      | Reached skill level 5 in Invocations
  2076 | D:9      | Found a staircase to the Lair.
  2104 | D:9      | Reached skill level 10 in Axes
  2138 | D:9      | Found Cetzot's Antique Armour Shop.
  2291 | D:10     | Entered Level 10 of the Dungeon
  2311 | D:10     | Gained mutation: You have a pair of small horns on your head. [mutagenic meat]
  2312 | D:10     | Lost mutation: You tend to lose your temper in combat. [mutagenic meat]
  2313 | D:10     | Lost mutation: Your body sometimes deteriorates upon taking damage. [mutagenic meat]
  2314 | D:10     | Gained mutation: You are partially covered in slimy green scales (AC +2). [mutagenic meat]
  2330 | D:10     | Noticed Sonja
  2349 | D:10     | Noticed a hill giant
  2349 | D:10     | Killed Sonja
  2349 | D:10     | Reached skill level 5 in Evocations
  2357 | D:10     | Killed a hill giant
  2357 | D:10     | Reached XP level 10. HP: 53/94 MP: 3/9
  2395 | D:10     | Found Neop's Antique Weapon Emporium.
  2523 | D:10     | Found a staircase to the Orcish Mines.
  2537 | D:10     | Acquired Makhleb's fourth power
  2542 | Orc:1    | Entered Level 1 of the Orcish Mines
  2703 | Orc:3    | Found a frozen archway.
  2793 | Orc:3    | Found a flagged portal.
  2795 | Orc:3    | Reached skill level 11 in Axes
  2802 | Bailey   | Entered a bailey
  2856 | Bailey   | Noticed Yermak's ghost (experienced VSAs)
  2857 | Bailey   | Acquired Makhleb's fifth power
  2879 | Bailey   | Killed Yermak's ghost
  2915 | Bailey   | Reached skill level 13 in Invocations
  2915 | Bailey   | Reached XP level 11. HP: 83/101 MP: 10/16
  2927 | Bailey   | Noticed an orc knight
  2927 | Bailey   | Noticed an orc knight
  2952 | Bailey   | Killed an orc knight
  2966 | Bailey   | Killed an orc knight
  2977 | Bailey   | Noticed an orc knight
  2988 | Bailey   | Killed an orc knight
  2989 | Bailey   | Noticed an orc knight
  2989 | Bailey   | Noticed an orc knight
  3006 | Bailey   | Killed an orc knight
  3008 | Bailey   | Killed an orc knight
  3061 | IceCv    | Entered an ice cave
  3263 | IceCv    | Noticed a frost giant
  3268 | IceCv    | Reached XP level 12. HP: 83/112 MP: 16/16
  3271 | IceCv    | Killed a frost giant
  3272 | IceCv    | Reached skill level 14 in Invocations
  3367 | IceCv    | Noticed an ice statue
  3370 | IceCv    | Killed an ice statue
  3415 | Orc:4    | Entered Level 4 of the Orcish Mines
  3540 | Orc:4    | Noticed an ogre mage
  3561 | Orc:4    | Noticed a blizzard demon
  3569 | Orc:4    | Gained mutation: You are mostly covered in rugged brown scales (AC +2, +5% HP). [potion of beneficial mutation]
  3575 | Orc:4    | Killed an ogre mage
  3575 | Orc:4    | Killed a blizzard demon
  3598 | Orc:4    | Found Nyceat's Antique Armour Boutique.
  3613 | Orc:4    | Found Roif's Antique Armour Shoppe.
  3616 | Orc:4    | Bought a pair of faintly humming gloves for 304 gold pieces
  3621 | Orc:4    | Identified the +1 pair of gloves "Giuf" {rN+ Int+2} (You bought it in a shop on level 4 of the Orcish Mines)
  3623 | Orc:4    | Found Neast's Food Shop.
  3624 | Orc:4    | Found Eppa's Gadget Boutique.
  3651 | Orc:4    | Bought a steaming scale mail for 252 gold pieces
  3663 | Orc:4    | Identified the +3 scale mail of Creativity {rC+ rN+ MR- Dex+4} (You bought it in a shop on level 4 of the Orcish Mines)
  3674 | Orc:4    | Gained mutation: Your flesh is heat resistant. [potion of beneficial mutation]
  3676 | Orc:4    | Noticed an ogre mage
  3683 | Orc:4    | Killed an ogre mage
  3683 | Orc:4    | Reached XP level 13. HP: 65/123 MP: 17/17
  4001 | Orc:3    | Found Izuwic's Antique Armour Boutique.
  4014 | Orc:3    | Found a staircase to the Elven Halls.
  4026 | Orc:3    | Noticed an orc sorcerer
  4035 | Orc:3    | Killed an orc sorcerer
  4273 | Orc:4    | Bought a wand of teleportation (6) for 420 gold pieces
  4717 | Elf:1    | Entered Level 1 of the Elven Halls
  4764 | Elf:1    | Reached skill level 15 in Invocations
  4852 | Elf:1    | Got a twitching golden ring
  4854 | Elf:1    | Identified the ring of Vanity {rElec Int+10 Dex+7 Stlth-} (You found it on level 1 of the Elven Halls)
  4961 | Orc:1    | Found a roughly hewn altar of Beogh.
  4981 | Orc:1    | Reached skill level 10 in Armour
  5109 | Orc:4    | Bought a wand of hasting (2) for 504 gold pieces
  5318 | Lair:1   | Entered Level 1 of the Lair of Beasts
  5319 | Lair:1   | Noticed Gastronok
  5329 | Lair:1   | Killed Gastronok
  5515 | Lair:3   | Found a hole to the Spider Nest.
  6789 | Lair:5   | Noticed Kirke
  6791 | Lair:5   | Noticed a cacodemon
  6843 | Lair:5   | Killed a cacodemon
  6886 | Lair:5   | Killed Kirke
  7046 | Lair:6   | Found a staircase to the Swamp.
  7169 | Lair:7   | Reached skill level 5 in Dodging
  7198 | Lair:7   | Found a dark tunnel.
  7207 | Volcano  | Entered a volcano
  7303 | Volcano  | Reached skill level 15 in Axes
  7353 | Volcano  | Found an ancient bone altar of Kikubaaqudgha.
  7461 | Lair:6   | Gained mutation: You resist negative energy. [Deep Dwarf growth]
  7461 | Lair:6   | Reached XP level 14. HP: 128/136 MP: 17/17
  7634 | Spider:1 | Entered Level 1 of the Spider Nest
  7896 | Spider:3 | Noticed Aizul
  7912 | Spider:2 | Reached skill level 10 in Fighting
  8202 | Spider:3 | Got a jewelled broad axe
  8203 | Spider:3 | Identified the +4 broad axe of Miozyvised {chop, rF+ Int-3 Dex+5} (You found it on level 3 of the Spider Nest)
  8339 | Spider:3 | Reached skill level 16 in Axes
  8370 | Spider:3 | Killed Aizul
  8395 | Spider:4 | Entered Level 4 of the Spider Nest
  8402 | Spider:4 | Killed a ghost moth
  8407 | Spider:4 | Gained mutation: You can breathe flames. [mutagenic meat]
  8409 | Spider:4 | Lost mutation: Scrolls take you a little longer to read. [mutagenic meat]
  8625 | Spider:4 | Reached XP level 15. HP: 133/147 MP: 16/16
  8650 | Spider:4 | Noticed an emperor scorpion
  8650 | Spider:4 | Noticed an emperor scorpion
  8651 | Spider:4 | Noticed an emperor scorpion
  8658 | Spider:4 | Killed an emperor scorpion
  8658 | Spider:4 | Reached skill level 10 in Evocations
  8660 | Spider:4 | Noticed an emperor scorpion
  8661 | Spider:4 | Killed a ghost moth
  8678 | Spider:4 | Killed an emperor scorpion
  8683 | Spider:4 | Killed an emperor scorpion
  8692 | Spider:4 | Killed an emperor scorpion
  8726 | Spider:4 | Killed a ghost moth
  8735 | Spider:4 | Got a gossamer rune of Zot
  9091 | Swamp:1  | Entered Level 1 of the Swamp
  9402 | Swamp:2  | Noticed a thorn hunter
  9416 | Swamp:2  | Killed a thorn hunter
  9429 | Swamp:2  | Reached skill level 17 in Axes
  9654 | Swamp:4  | Entered Level 4 of the Swamp
  9655 | Swamp:4  | Noticed Roxanne
  9929 | Swamp:4  | Reached XP level 16. HP: 157/157 MP: 14/14
 10014 | Swamp:4  | Learned a level 1 spell: Apportation
 10052 | Swamp:4  | Reached skill level 1 in Translocations
 10180 | Swamp:4  | Got a decaying rune of Zot
 10761 | D:14     | Reached skill level 5 in Translocations
 10854 | D:13     | Noticed Snorg
 10862 | D:13     | Killed Snorg
 10957 | D:15     | Entered Level 15 of the Dungeon
 11579 | D:13     | Found a gate to the Vaults.
 11620 | Vaults:1 | Entered Level 1 of the Vaults
 11691 | Vaults:1 | Found Hymme's Weapon Emporium.
 11702 | Vaults:1 | Noticed Jorgrun
 11715 | Vaults:1 | Killed Jorgrun
 11772 | Vaults:1 | Reached skill level 18 in Axes
 11772 | Vaults:1 | Reached skill level 10 in Dodging
 11773 | Vaults:1 | Found Domauvvi's Armour Shoppe.
 11781 | Vaults:1 | Bought a +2 pair of boots of running for 664 gold pieces
 11958 | Vaults:1 | Found Enoilong's Gadget Shoppe.
 12007 | Vaults:1 | Reached XP level 17. HP: 166/166 MP: 15/15
 12206 | Vaults:1 | Found Waid's Antique Armour Shop.
 12678 | Vaults:2 | Noticed Donald
 12746 | Vaults:3 | Reached skill level 19 in Axes
 12906 | Vaults:3 | Found a flickering gateway to a bazaar.
 12915 | Bazaar   | Entered a bazaar
 12923 | Bazaar   | Found Ximips Vemm's Jewellery Shop.
 12923 | Bazaar   | Found Sidip's Antique Armour Shop.
 12972 | Bazaar   | Bought a cursed ring of loudness for 58 gold pieces
 13210 | Vaults:4 | Gained mutation: You passively map a large area around you. [Deep Dwarf growth]
 13210 | Vaults:4 | Reached XP level 18. HP: 134/178 MP: 16/16
 13514 | Vaults:5 | Entered Level 5 of the Vaults
 13526 | Vaults:5 | Noticed a lich
 13687 | Vaults:5 | Reached skill level 20 in Axes
 13752 | Vaults:5 | Reached skill level 15 in Armour
 13791 | Vaults:5 | Reached XP level 19. HP: 151/186 MP: 5/17
 13830 | Vaults:5 | Got a silver rune of Zot
 13950 | Vaults:5 | Killed a lich
 14209 | D:15     | Found a glowing golden altar of the Shining One.
 14451 | D:15     | Found a staircase to the Depths.
 14461 | Depths:1 | Entered Level 1 of the Depths
 14711 | Depths:2 | Killed Saint Roka
 14754 | Depths:2 | Found a gateway to Hell.
 15097 | Depths:2 | Drew Focus: Str increased to 25, Int decreased to 10
 15217 | Depths:3 | Found Nydapigo's Elemental Accessories.
 15225 | Depths:3 | You fall through a shaft for 2 floors!
 15225 | Depths:5 | Entered Level 5 of the Depths
 15355 | Depths:3 | Found a one-way gate leading to the halls of Pandemonium.
 15392 | Depths:3 | Identified the Almanac of Frigorific Confrontation
 15569 | Depths:5 | Reached XP level 20. HP: 165/198 MP: 16/16
 15615 | Depths:5 | Found a gate to the Realm of Zot.
 15631 | Depths:5 | Noticed a bone dragon
 15648 | Depths:5 | Killed a bone dragon
 15664 | Zot:1    | Entered Level 1 of the Realm of Zot
 16064 | Zot:2    | Reached skill level 15 in Evocations
 16369 | Zot:3    | Noticed a curse toe
 16376 | Zot:3    | Noticed a golden dragon
 16383 | Zot:3    | Killed a golden dragon
 16692 | Zot:3    | Noticed a golden dragon
 16716 | Zot:3    | Killed a golden dragon
 16978 | Zot:5    | Entered Level 5 of the Realm of Zot
 17016 | Zot:4    | Noticed an orb of fire
 17068 | Zot:3    | Noticed a golden dragon
 17090 | Zot:3    | Killed a golden dragon
 17181 | Zot:2    | Noticed a golden dragon
 17202 | Zot:2    | Killed a golden dragon
 17202 | Zot:2    | Reached XP level 21. HP: 100/208 MP: 15/15
 17334 | Depths:5 | Noticed a juggernaut
 17382 | Depths:3 | Noticed Norris
 17407 | Depths:3 | Killed Norris
 17961 | Vaults:2 | Found a staircase to the Crypt.
 17961 | Vaults:2 | Found a basalt altar of Yredelemnul.
 17962 | Vaults:2 | Found an ancient bone altar of Kikubaaqudgha.
 17968 | Crypt:1  | Entered Level 1 of the Crypt
 18086 | Crypt:2  | Noticed Margery
 18133 | Crypt:3  | Entered Level 3 of the Crypt
 18445 | Crypt:3  | Reached skill level 15 in Dodging
 18452 | Crypt:3  | Reached skill level 15 in Fighting
 18500 | Crypt:3  | Found a staircase to the Tomb.
 18555 | Tomb:1   | Entered Level 1 of the Tomb of the Ancients
 18727 | Tomb:1   | Noticed a greater mummy
 18744 | Tomb:1   | Killed a greater mummy
 18747 | Tomb:1   | Noticed a greater mummy
 18754 | Tomb:1   | Killed a greater mummy
 18769 | Tomb:1   | Drew Focus: Str increased to 28, Int decreased to 9
 18784 | Tomb:1   | Noticed a greater mummy
 18789 | Tomb:1   | Killed a greater mummy
 18810 | Tomb:1   | Noticed a greater mummy
 18815 | Tomb:1   | Killed a greater mummy
 18895 | Tomb:2   | Noticed a greater mummy
 18895 | Tomb:2   | Noticed a greater mummy
 18897 | Tomb:2   | Noticed a greater mummy
 18899 | Tomb:2   | Noticed an ancient lich
 18969 | Tomb:1   | Killed by a guardian mummy's death curse

Dungeon Overview and Level Annotations

Branches:
Dungeon (15/15)            Temple (1/1) D:4            Lair (7/8) D:9
  Swamp (4/4) Lair:6       Spider (4/4) Lair:3          Orc (4/4) D:10
    Elf (1/3) Orc:3        Vaults (5/5) D:13          Crypt (3/3) Vaults:2
   Tomb (2/3) Crypt:3      Depths (5/5) D:15            Zot (5/5) Depths:5
  Slime: Lair:6-8

Altars:
Ashenzari
Cheibriados
Dithmenos
Fedhas
Gozag
Kikubaaqudgha
Makhleb
Nemelex Xobeh
Qazlal
Ru
Trog
Vehumet
Xom
Yredelemnul
Zin
The Shining One
Beogh

Shops:
D:7 (   D:9 [   D:10 (   Orc:3 [   Orc:4 [[}   Vaults:1 [([}   Depths:3 *

Portals:
Hell: Depths:2 Depths:3 Depths:4
Pandemonium: Depths:3

Annotations:
Swamp:4 Roxanne
Vaults:2 Donald
Crypt:2 Margery


Message History

The emperor scorpion closely misses you.
The rust devil hits you. The rust devil corrodes you!
The greater mummy mumbles some strange words.
The fire giant skeleton hits you but does no damage.
The emperor scorpion closely misses you.
The emperor scorpion claws you.
The emperor scorpion claws you but does no damage.
The greater mummy calls on the powers of darkness!
The emperor scorpion convulses! x2
Your body is wracked with pain!
The emperor scorpion convulses!
The emperor scorpion convulses! x2
The death scarab closely misses you.
You climb upwards.
There is a stone staircase leading down here.
Unknown command.
Unknown command.
Unknown command.
Unknown command.
Unknown command.
Unknown command.
You hit the guardian mummy.
You headbutt the guardian mummy, but do no damage.
The guardian mummy is lightly damaged.
You slash something!
You hit the death scarab but do no damage.
The death scarab bites you.
You hear some strange, mumbled words.
You slice the guardian mummy!! You headbutt the guardian mummy.
The guardian mummy is severely damaged.
You barely miss something. You slash the death scarab!
The death scarab is heavily damaged.
The death scarab bites you.
The guardian mummy hits you but does no damage.
The death scarab bites you!
You slice the guardian mummy!!
You destroy the guardian mummy!
Makhleb accepts your kill.
You feel extremely nervous for a moment...
You convulse helplessly as pain tears through your body!
You die...

You could see 3 large abominations and a death scarab.

Vanquished Creatures
  A greater mummy (Tomb:1)
  Norris (Depths:3)
  4 golden dragons
  8 tentacled monstrosities
  A lich (Vaults:5)
  2 titans (Vaults:5)
  2 death cobs (Zot:3)
  3 ancient champions
  8 sphinxes
  A thorn hunter (Swamp:2)
  5 storm dragons
  A tengu reaver (Vaults:5)
  4 shadow dragons
  2 fire giants
  A frost giant (Vaults:5)
  A draconian knight (Zot:2)
  10 vault wardens
  A deep elf sorcerer (Vaults:4)
  Aizul (Spider:3)
  3 emperor scorpions (Spider:4)
  A ghost moth (Spider:4)
  A curse skull (Crypt:3)
  A draconian scorcher (Depths:5)
  3 draconian zealots
  A draconian shifter (Zot:3)
  4 vampire knights
  2 draconian annihilators (Zot:3)
  9 ironheart preservers
  A very ugly thing (Vaults:5)
  A juggernaut skeleton (Depths:3)
  2 draconian callers
  7 stone giants
  2 green draconians (Zot:3)
  5 black draconians
  3 deep elf demonologists (Vaults:4)
  5 purple draconians
  2 red draconians
  A deep elf annihilator (Vaults:5)
  2 mottled draconians
  2 white draconians
  A salamander stormcaller (Vaults:5)
  An eidolon (Crypt:3)
  Snorg (D:13)
  A deep elf death mage (Crypt:1)
  7 fire dragons
  7 ettins
  5 jiangshi
  39 vault guards
  4 great orbs of eyes
  9 ice dragons
  11 yaktaur captains
  A death knight (Crypt:1)
  13 hydras
  7 entropy weavers
  A rakshasa (Depths:3)
  7 centaur warriors
  A ghost crab (Swamp:2)
  9 ogre magi
  2 alligators (Swamp:4)
  3 vampire magi
  3 deep troll shamans
  A tengu warrior (D:14)
  7 deep troll earth magi
  A fire crab (Vaults:1)
  3 iron trolls (Depths:2)
  9 skeletal warriors
  4 flayed ghosts
  13 death scarabs (Tomb:2)
  3 shadow wraiths
  2 deep elf knights
  18 deep trolls
  A giant orange brain (Vaults:2)
  10 swamp dragons
  2 deep elf summoners
  9 ironbrand convokers
  2 unseen horrors
  An ice statue (IceCv)
  3 anubis guards
  2 shambling mangroves
  8 hill giants
  2 harpies
  A large abomination (Vaults:3)
  2 hornets
  An orb spider (shapeshifter) (D:15)
  12 phantasmal warriors
  5 orb spiders
  17 orc knights
  A necromancer (Depths:3)
  A shadow dragon skeleton (Crypt:3)
  14 wolf spiders
  3 orc sorcerers
  A manticore (D:13)
  6 statues (Volcano)
  3 wizards
  5 cyclopes
  2 deep elf conjurers
  A frost giant zombie (Crypt:3)
  The ghost of Yermak the Covert, an experienced VSAs of Dithmenos (Bailey)
  26 ugly things
  A salamander (shapeshifter) (Vaults:3)
  3 griffons
  7 moths of wrath
  An iron dragon skeleton (Depths:3)
  A moth of wrath (shapeshifter) (Depths:3)
  7 elephants
  2 frost giant skeletons (Crypt:3)
  A black mamba (Lair:7)
  6 spiny frogs
  7 gargoyles
  2 dire elephant skeletons
  7 vault sentinels
  A kobold demonologist (Vaults:3)
  3 komodo dragons
  2 komodo dragons (shapeshifter) (Vaults:5)
  2 efreet (D:14)
  An elf skeleton (Depths:3)
  8 demonic crawlers
  A troll (shapeshifter) (Vaults:1)
  2 tengu conjurers
  A red devil (Depths:4)
  36 yaktaurs
  8 guardian mummies
  2 harpy zombies
  4 fire drakes
  A hydra zombie (Crypt:3)
  5 trolls (Orc:4)
  4 deep elf priests
  6 polar bears (IceCv)
  7 freezing wraiths
  14 jumping spiders
  16 two-headed ogres
  7 blink frogs
  2 bog bodies (Swamp:2)
  23 slime creatures
  8 boulder beetles
  A blink frog (shapeshifter) (Vaults:1)
  2 ushabtiu (Tomb:1)
  An ice dragon zombie (Crypt:3)
  5 giant leeches
  11 flying skulls
  4 deep elf magi
  13 tarantellas
  3 vampires (Crypt:3)
  2 ettin skeletons
  A human (Lair:5)
  A basilisk (Lair:2)
  A fire dragon skeleton (Crypt:3)
  44 redbacks
  4 spriggans
  10 trapdoor spiders
  A trapdoor spider (shapeshifter) (Vaults:4)
  23 yaks
  2 shadows
  6 deep elf fighters
  A fire bat (Volcano)
  A wraith (Vaults:1)
  15 vampire mosquitoes
  3 hippogriffs
  2 wyverns
  4 wolves (IceCv)
  8 swamp worms
  A soldier ant (D:13)
  2 wargs
  A human simulacrum (Vaults:1)
  3 insubstantial wisps (Swamp:2)
  6 water moccasins
  Duvessa (D:4)
  An ice beast (D:13)
  4 sky beasts
  39 orc warriors
  2 phantoms
  8 swamp drakes
  17 spiders
  40 ogres
  7 porcupines
  A spiny frog skeleton (Crypt:3)
  8 centaurs
  A tengu (shapeshifter) (Vaults:3)
  10 wasps
  3 boggarts (D:15)
  6 crocodiles
  An elephant skeleton (Crypt:1)
  3 elf zombies (Ossuary)
  11 big kobolds
  6 giant frogs
  Dowan (D:4)
  A glowing shapeshifter simulacrum (Vaults:1)
  8 wights
  5 killer bees (D:10)
  A crimson imp (D:9)
  5 hounds
  6 centaur zombies
  6 jellies
  A giant frog zombie (D:5)
  4 lava snakes (Volcano)
  2 centaur skeletons
  22 orc wizards
  20 orc priests
  A giant frog skeleton (D:8)
  An iguana (Lair:3)
  6 worker ants
  4 sheep (Lair:6)
  A big kobold zombie (Ossuary)
  8 mummies
  A worker ant zombie (D:5)
  5 gnolls
  9 river rats
  6 adders
  A white imp (Depths:3)
  A shadow imp (D:9)
  3 oozes
  2 adder skeletons
  2 worms
  A giant gecko (D:5)
  189 orcs
  A bat (D:2)
  7 giant cockroaches
  3 hobgoblins
  2 quokkas
  A ball python (D:3)
  2 giant newts
  5 goblins
  2 goblin zombies (Ossuary)
  8 hobgoblin zombies (Ossuary)
  4 jackals
  16 kobolds
  12 kobold zombies (Ossuary)
  8 orc zombies (Ossuary)
  A quokka skeleton (D:4)
  9 rats
  A rat zombie (Ossuary)
  4 crawling corpses
  A fungus (Lair:3)
1421 creatures vanquished.

Vanquished Creatures (collateral kills)
  3 greater mummies (Tomb:1)
  A bone dragon (Depths:5)
  Jorgrun (Vaults:1)
  A tentacled monstrosity (Vaults:5)
  A lich (Tomb:1)
  4 death cobs
  Gastronok (Lair:1)
  An ancient champion (Tomb:1)
  Kirke (Lair:5)
  A storm dragon (Zot:2)
  A shadow dragon (Vaults:5)
  A draconian monk (Zot:3)
  A draconian knight (Depths:5)
  2 ghost moths (Spider:4)
  An emperor scorpion (Spider:4)
  A frost giant (IceCv)
  A draconian annihilator (Zot:2)
  A black draconian (Zot:1)
  A red draconian (Depths:5)
  A purple draconian (Zot:2)
  A yellow draconian (Zot:2)
  A hydra (Swamp:4)
  3 mummy priests (Tomb:1)
  2 deep elf high priests
  A yaktaur captain (Depths:2)
  3 ice dragons
  An entropy weaver (Spider:3)
  An ogre mage (Orc:4)
  Sonja (D:10)
  A deep troll (Vaults:5)
  An ironbrand convoker (Vaults:1)
  A hill giant (D:10)
  A shambling mangrove (Swamp:4)
  A phantasmal warrior (Vaults:5)
  9 orb spiders
  3 orc knights (Bailey)
  6 wolf spiders
  3 moths of wrath
  2 hornets (Spider:4)
  2 cyclopes
  The ghost of ololoev the Chopper, an experienced DDFi of Makhleb (D:8)
  3 torpor snails
  4 demonic crawlers
  4 yaktaurs (Depths:2)
  4 trolls (Orc:4)
  A guardian mummy (Tomb:1)
  A jumping spider (shapeshifter) (Depths:5)
  8 polar bears (IceCv)
  6 jumping spiders
  A blink frog (Lair:5)
  An ushabti (Tomb:1)
  A flying skull (Tomb:1)
  7 tarantellas
  5 redbacks
  3 trapdoor spiders
  3 yaks (IceCv)
  A hungry ghost (D:10)
  A basilisk (Lair:5)
  3 hogs (Lair:5)
  5 spiders (Spider:2)
  2 wasps (Spider:4)
  4 orc warriors
  A swamp drake (Swamp:4)
  2 ogres
  3 wights (D:10)
  An orc priest (Orc:4)
  A mummy (Tomb:1)
  An adder skeleton (D:8)
  22 orcs
  3 fungi (Lair:5)
  A plant (Lair:5)
174 creatures vanquished.

Vanquished Creatures (others)
  Saint Roka (Depths:2)
  A draconian scorcher (Zot:3)
  A war gargoyle (Vaults:5)
  An ettin (Vaults:5)
  A hydra (Swamp:4)
  A deep elf knight (Vaults:3)
  A deep troll (Orc:4)
  A freezing wraith (Vaults:5)
  A jumping spider (Spider:1)
  4 deep elf priests (Elf:1)
  A demonic crawler (Spider:3)
  3 slime creatures
  4 redbacks
  A wolf (IceCv)
  2 vampire mosquitoes (Swamp:2)
  An orc warrior (Depths:2)
  A swamp worm (Swamp:2)
  A spider (Spider:1)
  A wasp (Swamp:4)
  A fungus (Lair:3)
  2 lost souls
  13 toadstools
44 creatures vanquished.

Grand Total: 1639 creatures vanquished

Action                   |  1- 3 |  4- 6 |  7- 9 | 10-12 | 13-15 | 16-18 | 19-21 || total
-------------------------+-------+-------+-------+-------+-------+-------+-------++-------
Melee: War axe           |    80 |   117 |   330 |   186 |       |       |       ||   713
       Battleaxe         |       |       |       |   133 |  1143 |  1116 |  1464 ||  3856
 Cast: Apportation       |       |       |       |       |       |     1 |    17 ||    18
Invok: Lesser Servant of |       |       |     2 |    15 |    12 |     2 |       ||    31
       Major Destruction |       |       |       |     8 |    35 |       |     9 ||    52
       Minor Destruction |       |       |       |     1 |       |       |       ||     1
       Greater Servant o |       |       |       |     2 |    10 |     4 |    16 ||    32
 Abil: Device Recharging |       |     1 |     4 |     2 |     6 |     1 |     8 ||    22
       Evoke Teleportati |       |       |       |       |       |       |     1 ||     1
       Breathe Fire      |       |       |       |       |       |       |     1 ||     1
Evoke: Wand              |     2 |     4 |    13 |    12 |    40 |    12 |    34 ||   117
       Deck              |       |     1 |       |     3 |     9 |       |     9 ||    22
       Rod               |       |       |     7 |     4 |    12 |     8 |     9 ||    40
       Fan of gales      |       |       |       |       |     3 |       |     3 ||     6
       Disc of storms    |       |       |       |       |    20 |    64 |    29 ||   113
       Stone of tremors  |       |       |       |       |       |       |     3 ||     3
       Lamp of fire      |       |       |       |       |       |       |     2 ||     2
       Phial of floods   |       |       |       |       |       |       |     1 ||     1
  Use: Scroll            |       |     5 |     8 |     6 |    11 |     5 |    33 ||    68
       Potion            |       |     2 |     7 |    12 |     6 |     7 |     5 ||    39
 Stab: Sleeping          |       |     1 |     1 |       |       |       |       ||     2
       Distracted        |       |       |     1 |     7 |     5 |     3 |    12 ||    28
       Invisible         |       |       |       |     4 |       |       |       ||     4
       Paralysed         |       |       |       |       |     5 |       |       ||     5
       Confused          |       |       |       |       |     1 |     1 |       ||     2
  Eat: Bread ration      |       |       |     1 |       |       |       |     4 ||     5
       Chunk             |       |       |     6 |    10 |    22 |     9 |    12 ||    59
       Fruit             |       |       |     1 |       |     3 |     2 |     5 ||    11
       Beef jerky        |       |       |       |       |     3 |       |     2 ||     5
       Meat ration       |       |       |       |       |     1 |     1 |     2 ||     4
       Pizza             |       |       |       |       |       |       |     3 ||     3

Vault maps used:
D:1:      onia_arrival_handbag, serial_glass, glass_columns_a, glass_columns_a,
          glass_columns_b, glass_columns_b, glass_columns_b, glass_columns_a
D:3:      grunt_temple_overflow_holy_war
D:4:      nemelex_deck, temple_pool_b, first_bread, uniq_duvessa
D:5:      kennysheep_mini_moat, nicolae_ossuary_entry_ruins,
          gup_sewer_entry_glass, elyvilon_altar_5
D:6:      gammafunk_temple_overflow_claw, xom_teletrap_fun
D:7:      serial_shops, shop_fountains
D:8:      special_room, uniq_erica
D:9:      lair_0_dummy, serial_shops, nicolae_shop_waterfront, grunt_pizzeria
D:10:     orc_0_dummy, enter_trove_0, spider_trap, kennysheep_small_square,
          uniq_sonja, uniq_nergalle
D:12:     david_defended_altar_orc
D:13:     erik_vaults_2, lemuel_jelly_drop, uniq_snorg
D:14:     nrook_guardian_serpent_ordinary
D:15:     hangedman_depths_entry_civil_slaughter, serial_shops, shop,
          lemuel_statue_altar
Temple:   zaba_magenta_temple_12
Lair:1:   st_stairs_10, minivault_11, lemuel_old_faithful, lemuel_fruit_tree,
          uniq_gastronok
Lair:2:   basic_altar
Lair:3:   gammafunk_lair_enchanted_lake, dummy_spider_entry,
          serial_bayou_shore_b
Lair:5:   worms_lemuel, uniq_kirke
Lair:6:   swamp_mist, lemuel_fruit_fields, bh_autumn_forest_stairs
Lair:7:   slime_dummy, nicolae_volcano_entry_hallway, patterned_corridor
Swamp:1:  hangedman_swamp_ruin_wall, uniq_frances
Swamp:2:  cheibrodos_swamp_tower_of_moss, evilmike_swamp_ruin_house_1
Swamp:3:  serial_swamp_ruin, evilmike_swamp_ruin_rubble_1,
          hangedman_swamp_ruin_hall, st_swamp_mini, uniq_nikola
Swamp:4:  swamp_alternative, swamp_pool2, grunt_witch_cave, uniq_roxanne
Spider:1: spider_trap
Spider:2: guppyfry_spider_mini_1
Spider:3: uniq_aizul
Spider:4: spider_rune_water, nicolae_spider_webs_and_nodes
Orc:1:    mines1_david
Orc:3:    serial_shops, nicolae_shop_overgrown_old_shop,
          portal_ice_cave_entry_pillars_03, enter_bailey_7,
          nicolae_orc_pool_cavern
Orc:4:    st_orc_open
Elf:1:    kennysheep_underground_church, grunt_megastairs_3
Vaults:1: grunt_vaults_hallway_short, vaults_mumra_minichess, v_misc_24,
          v_pattern_3, nicolae_vaults_ninety_degrees, ontoclasm_vaults_chip,
          vaults_room_corners, serial_shops,
          nicolae_shop_competitors_out_of_business,
          nicolae_shop_temple_entry_statues_fountains, shop, shop_statue,
          uniq_jorgrun
Vaults:2: hangedman_vaults_corner, minmay_crypt_entry_necro_gods,
          nicolae_vaults_little_squares_6, st_lattice,
          ontoclasm_vaults_ring_large, nicolae_vaults_little_squares_5,
          v_alt_pattern_2, hangedman_vaults_capsules,
          ontoclasm_vaults_decontamination, vaults_room_pool,
          vaults_room_fancy_cross, uniq_donald
Vaults:3: vaults_room_boxed, vaults_dpeg_encased_lava, vaults_room_hallway,
          nicolae_vaults_three_branches, vaults_standard_mumra_lines,
          ontoclasm_vaults_chip, hangedman_vaults_locks, v_pattern_2,
          vaults_room_large_hall, v_misc_19, nicolae_vaults_asterisk,
          serial_shops, bzr_entry_water
Vaults:4: v_pattern_1, hangedman_vaults_stream, ontoclasm_vaults_loading_screen,
          nicolae_vaults_hallways_thing, vaults_room_glass_cross, v_misc_18,
          hangedman_vaults_stagger, vaults_mumra_lcd,
          hangedman_vaults_restitches, dpeg_vaults_monster_box,
          hangedman_vaults_stretched_pinwheel, vaults_room_hallway
Crypt:1:  nicolae_crypt_cryptocurrency, lemuel_nasty_fountain, uniq_wiglaf
Crypt:2:  minmay_misc_feat_pillars, uniq_jory, uniq_margery
Crypt:3:  quadcrypt_mu
Depths:1: hell_entry, interstate_on_off, grunt_tough_drop
Depths:2: evilmike_halls_of_destruction, abyss_entry_flame_altar, hell_entry,
          minmay_misc_feat_iff, infiniplex_staircase_pool_2,
          basic_stair_grate_trap, firewood_loft, uniq_saint_roka
Depths:3: minmay_stepped, special_room, grunt_decor_one_mirror,
          rand_demon_pan_entry_9, hell_entry, nicolae_elemental_shop,
          infiniplex_staircase_zigzag_4, uniq_norris
Depths:4: evilmike_inaccessible_box, enter_ziggurat_d, hangedman_geh_valley,
          abyss_entry
Depths:5: grunt_zot_entry_bicorn, lemuel_round_altar, pf_hell_entry_tar_spiral,
          uniq_xtahua
Zot:3:    grunt_ministairs_7
Bazaar:   bazaar_jpeg_cross
Sewer:    sewer_kobolds
Ossuary:  ossuary_tomb_1
Bailey:   bailey_polearm_5, bailey
IceCv:    ice_cave_small_giant
Volcano:  volcano_grotto
